 Dungeon Crawl Stone Soup version 0.21.1-1-g345015f (webtiles) character file.

30 sking99 the Poker (level 3, -3/27 HPs)
             Began as a Merfolk Skald on June 23, 2018.
             Slain by an ogre
             ... wielding a +0 giant club
              (12 damage)
             ... on level 2 of the Dungeon.
             The game lasted 00:06:26 (1722 turns).

sking99 the Poker (Merfolk Skald)                   Turns: 1722, Time: 00:06:27

Health: -3/27      AC:  3    Str: 11    XL:     3   Next: 20%
Magic:  6/6        EV: 12    Int: 13    God:
Gold:   68         SH:  0    Dex: 13    Spells: 1/6 levels left

rFire    . . .     SeeInvis .   a - +0 spear
rCold    . . .     Gourm    .   (no shield)
rNeg     . . .     Faith    .   b - +0 leather armour
rPois    .         Spirit   .   (no helmet)
rElec    .         Reflect  .   (no cloak)
rCorr    .         Harm     .   (no gloves)
MR       .....                  (no boots)
Stlth    +.........             (no amulet)
HPRegen  0.09/turn              (no ring)
MPRegen  0.10/turn              (no ring)

@: no status effects
A: change form in water, swift swim, stealthy swim
a: no special abilities


You were on level 2 of the Dungeon.
You were hungry.

You visited 1 branch of the dungeon, and saw 2 of its levels.

You collected 68 gold pieces.

Inventory:

Hand Weapons
 a - a +0 spear (weapon)
Armour
 b - a +0 leather armour (worn)
 e - a cursed +0 chain mail
 h - a cursed +0 leather armour
Jewellery
 o - an uncursed ring of positive energy {unknown}
Scrolls
 g - 3 scrolls of identify {unknown}
 i - a scroll of teleportation {unknown}
 j - 2 scrolls of enchant weapon {unknown}
 k - 2 scrolls of fog {unknown}
 n - a scroll of amnesia {unknown}
Potions
 l - a potion of heal wounds {unknown}
 m - a potion of mutation {unknown}
 p - a potion of might {unknown}
Books
 c - a book of Battle

   Spells                             Type                      Level
   a - Infusion                       Charms                       1
   b - Shroud of Golubria             Charms/Translocation         2
   c - Song of Slaying                Charms                       2
   d - Spectral Weapon                Hexes/Charms                 3
   e - Regeneration                   Charms/Necromancy            3
Comestibles
 d - 4 rations


   Skills:
 - Level 2.1 Fighting
 + Level 3.9 Polearms
 - Level 0.6 Armour
 - Level 2.6 Dodging
 + Level 2.4 Spellcasting
 + Level 3.8 Charms


You had one spell level left.
You knew the following spells:

 Your Spells              Type           Power        Failure   Level  Hunger
a - Infusion              Chrm           ##..         7%          1    #......
b - Song of Slaying       Chrm           ##......     10%         2    ###....
c - Shroud of Golubria    Chrm/Tloc      #.........   22%         2    ###....


Dungeon Overview and Level Annotations

Branches:
Dungeon (2/15)

Altars:


Message History

* * * LOW HITPOINT WARNING * * *
Attack whom?
Press: ? - help, Dir - move target cursor, f - ogre
Aim: an ogre, wielding a giant club (moderately wounded)
You reach to attack!
You hit the ogre.
The ogre is heavily wounded.
Your magical infusion is running out.
You are no longer magically infusing your attacks.
The ogre closely misses you.
Casting: Infusion
Confirm with . or Enter, or press ? or * to list all spells.
You begin infusing your attacks with magical energy.
Your magical infusion is running out.
You are no longer magically infusing your attacks.
The ogre hits you with a giant club!
* * * LOW HITPOINT WARNING * * *
There is an escape hatch in the ceiling here.
There is an escape hatch in the ceiling here.
The ogre hits you with a giant club!
You die...

.....#..####.# #$..........# #.
....)#..# #.# #.$.........# #.
.....#..####.# #...........# #.
...........#.# #####....#### #.
....######.#.# #....# #.
...........#.# #....# #.
.....####..#.#### #....# #.
...#............######....#### #.
####............@............###)
##.#..#>......#O######....##.....
......#...)......................
...#.###.###..#.###.########..###
...#.# #...##.#.# #.# #..# #
...#.# #....#.#.# #.# #..# #
..<..# #....#.#.# #.# #..# #
.....# #....#...# #.########..# #
..##.# #........# #.#.........###


You could see an ogre.

Vanquished Creatures
  A worm (D:2)
  A dart slug (D:1)
  A leopard gecko (D:2)
  A giant cockroach (D:1)
  4 goblins (D:1)
  3 hobgoblins
  A kobold (D:1)
  A ball python (D:1)
  5 bats (D:1)
  3 frilled lizards
  6 rats (D:1)
27 creatures vanquished.

Notes
Turn   | Place    | Note
-------+----------+-------------------------------------------
     0 | D:1      | sking99 the Merfolk Skald began the quest for the Orb.
     0 | D:1      | Reached XP level 1. HP: 16/16 MP: 3/3
   217 | D:1      | Reached XP level 2. HP: 21/22 MP: 5/5
   224 | D:1      | Learned a level 2 spell: Song of Slaying
   227 | D:1      | Learned a level 2 spell: Shroud of Golubria
  1087 | D:2      | Reached XP level 3. HP: 24/27 MP: 0/6
  1583 | D:2      | Noticed an ogre
  1722 | D:2      | Slain by an ogre

Action                   || total
-------------------------++-------
Melee: Spear             ||    93
 Cast: Infusion          ||    14
       Song of Slaying   ||     2
 Stab: Sleeping          ||     1
  Eat: Chunk             ||     2
Armor: Leather armour    ||    19
Dodge: Dodged            ||    41
